 Dungeon Crawl Stone Soup version 0.26-a0-980-g0fe3eaa9ac (webtiles) character file.

Game seed: 11398558317403989599

56 siradein the Charlatan (level 3, 0/27 HPs)
             Began as a Demonspawn Artificer on Dec 6, 2020.
             Slain by a gnoll
             ... wielding a cursed -1 whip
              (8 damage)
             ... on level 2 of the Dungeon.
             The game lasted 00:05:33 (2887 turns).

siradein the Charlatan (Demonspawn Artificer)       Turns: 2887, Time: 00:05:35

Health: 0/27       AC:  3    Str: 12    XL:     3   Next: 71%
Magic:  3/3        EV: 11    Int: 12    God:
Gold:   79         SH:  0    Dex: 14    Spells: 2/2 levels left

rFire    . . .     SeeInvis .   g - +0 whip (curse)
rCold    . . .     Faith    .   (no shield)
rNeg     . . .     Spirit   .   b - +0 leather armour
rPois    .         Reflect  .   (helmet restricted)
rElec    .         Harm     .   (no cloak)
rCorr    .         Rampage  .   (no gloves)
MR       .....                  (no boots)
Stlth    +.........             (no amulet)
HPRegen  0.09/turn              (no ring)
MPRegen  0.08/turn              (no ring)

@: no status effects
A: horns 1
a: no special abilities


You were on level 2 of the Dungeon.
You visited 1 branch of the dungeon, and saw 2 of its levels.

You collected 79 gold pieces.

Inventory:

Hand Weapons
 g - a cursed +0 whip (weapon)
 l - a +2 dagger of electrocution
Armour
 b - a +0 leather armour (worn)
Jewellery
 k - an uncursed ring of protection from magic {unknown}
Wands
 c - a wand of flame (15) (quivered)
 d - a wand of enslavement (15)
 e - a wand of random effects (2)
Scrolls
 a - a scroll of immolation {unknown}
 f - a scroll of identify
 j - a scroll of enchant weapon
 m - a scroll of amnesia {unknown}
Potions
 h - a potion of haste
 i - a potion of curing {unknown}


   Skills:
 - Level 2.2 Fighting
 + Level 1.0 Short Blades
 - Level 1.7 Armour
 - Level 0.8 Dodging
 - Level 0.8 Stealth
 + Level 3.9 Evocations


You had 2 spell levels left.
You didn't know any spells.
Your spell library was empty.

Dungeon Overview and Level Annotations

Branches:
Dungeon (2/15)

Altars:


Innate Abilities, Weirdness & Mutations

You have a pair of small horns on your head.


Message History

Aiming: Random Effects
Press: ? - help, Shift-Dir - straight line, f - gnoll
Aim: a gnoll, wielding a +0 spear The gnoll flickers and vanishes!
Something hits you. The gnoll closely misses you.
Evoke which item? (* to show all) (? for menu, Esc to quit)
Aiming: Random Effects
Press: ? - help, Shift-Dir - straight line, f - gnoll, p - gnoll
Aim: a gnoll, wielding a -3 rapier Nothing appears to happen.
Something hits you.
The gnoll hits you from afar with a +0 spear.
* * * LOW HITPOINT WARNING * * *
Evoke which item? (* to show all) (? for menu, Esc to quit)
Aiming: Random Effects
Press: ? - help, Shift-Dir - straight line, f/p - gnoll
Aim: a gnoll, wielding a -3 rapier The puff of frost hits the gnoll.
The gnoll is moderately wounded.
Something hits you!
You die...

##.....#...###
#..#.###
..^......###
##...#####
$#......##
#.......###
##..<..#
##..####...#
##..##### #....#
###.#### ....#
#....# #.)...
#.>## #....#
#..... ..##
##########....##
##.... ..#
.......@{gg....#
#.... ..#
##########.....#
##.... ...
##.....####g.###
...
###.........†.##
....
#....$..###..##
....
#..#######....#
≈.... ....<
........ #w....
..........
#.....
#.....##..


You could see 2 gnolls.

Vanquished Creatures
  2 adders
  2 dart slugs (D:1)
  A leopard gecko (D:2)
  A giant cockroach (D:1)
  7 goblins (D:1)
  5 hobgoblins (D:1)
  2 jackals (D:1)
  2 ball pythons
  3 bats
  2 frilled lizards (D:1)
  4 kobolds
  A rat (D:2)
32 creatures vanquished.

Notes
Turn   | Place    | Note
-------+----------+-------------------------------------------
     0 | D:1      | siradein the Demonspawn Artificer began the quest for the
                  | Orb.
     0 | D:1      | Reached XP level 1. HP: 15/15 MP: 1/1
   415 | D:1      | Gained mutation: You have a pair of small horns on your
                  | head. [demonic ancestry]
   415 | D:1      | Reached XP level 2. HP: 16/21 MP: 2/2
  1683 | D:1      | Reached XP level 3. HP: 25/27 MP: 3/3
  2722 | D:2      | Reached skill level 1 in Short Blades
  2887 | D:2      | Slain by a gnoll

Illustrated notes

Levels and vault maps discovered:
D:1:      psy_arrival_fountain, layout_loops_ring
D:2:      layout_rooms, hangedman_decor_opposing, grunt_decor_junction

Skill      XL: |  1  2  3 |
---------------+----------+-----
Fighting       | 2 |  2.2
Short Blades   | 1 |  1.0
Armour         | |  1.7
Dodging        | |  0.8
Stealth        | |  0.8
Evocations     | |  3.9

Action                   || total
-------------------------++-------
Melee: Whip              ||   145
       Club              ||    17
       Headbutt          ||    14
Evoke: Wand              ||    13
  Use: Scroll            ||     3
 Stab: Sleeping          ||     2
Armor: Leather armour    ||    49
Dodge: Dodged            ||   100

Table legend: (Time is in decaauts)
 A = Elapsed time spent in this place.
 B = Non-inter-level travel time spent in this place.
 C = Inter-level travel time spent in this place.
 D = Time resting spent in this place.
 E = Time spent auto-exploring this place.
 F = Levels seen in this place.
 G = Mean time per level.
                   A        B        C        D        E       F      G
               +--------+--------+--------+--------+--------+-----+--------+
         Total |   2908 |   2878 |     30 |    397 |   2010 |   2 | 1454.0 |
       Dungeon |   2908 |   2878 |     30 |    397 |   2010 |   2 | 1454.0 |
               +--------+--------+--------+--------+--------+-----+--------+

Top non-repeatable levels by time:
     D:1: 2348 daAuts
     D:2: 559 daAuts
